 Dungeon Crawl Stone Soup version 0.27.0-1-g7a089689b8 (webtiles) character file.

Game seed: 7307718501668174930

2 rjrrt the Firebug (level 1, 0/10 HPs)
             Began as a Deep Elf Fire Elementalist on Aug 10, 2021.
             Slain by a jackal (2 damage)
             ... on level 1 of the Dungeon.
             The game lasted 00:01:57 (109 turns).

rjrrt the Firebug (Deep Elf Fire Elementalist)       Turns: 109, Time: 00:01:58

Health: 0/10       AC:  2    Str:  5    XL:     1   Next: 33%
Magic:  2/6        EV: 12    Int: 19    God:
Gold:   0          SH:  0    Dex: 15    Spells: 5/6 levels left

rFire    . . .     SeeInvis .   (no weapon)
rCold    . . .     Faith    .   (no shield)
rNeg     . . .     Spirit   .   a - +0 robe
rPois    .         Reflect  .   (no helmet)
rElec    .         Harm     .   (no cloak)
rCorr    .         Rampage  .   (no gloves)
Will     .....                  (no boots)
Stlth    ++........             (no amulet)
HPRegen  0.03/turn              (no ring)
MPRegen  0.10/turn              (no ring)

@: very slightly contaminated
A: no striking features
a: no special abilities


You were on level 1 of the Dungeon.
You visited 1 branch of the dungeon, and saw 1 of its levels.

Inventory:

Missiles
 d - 17 poisoned darts (quivered)
Armour
 a - a +0 robe (worn)
Scrolls
 c - a scroll of amnesia {unknown}
Potions
 b - a potion of curing {unknown}


   Skills:
 - Level 2.4 Dodging
 - Level 2.4 Stealth
 + Level 3.0 Spellcasting
 * Level 1.2 Conjurations
 * Level 3.3 Fire Magic


You had 5 spell levels left.
You knew the following spells:

 Your Spells              Type           Power      Damage    Failure   Level
a - Foxfire               Conj/Fire      44%        2x1d6     6%          1

Your spell library contained the following spells:

 Spells                   Type           Power      Damage    Failure   Level
 Conjure Flame            Conj/Fire      11%        6-21      17%         3
 Inner Flame              Hex/Fire       9%         N/A       22%         3
 Sticky Flame             Conj/Fire      11%        2d3       50%         4
 Fireball                 Conj/Fire      5%         3d5       85%         5


Dungeon Overview and Level Annotations

Branches:
Dungeon (1/15)

Altars:


Message History

You see here a bat corpse.
A jackal comes into view.
The jackal barks!
A jackal comes into view.
Casting: Foxfire (safe; 6% risk of failure)
Confirm with . or Enter, or press ? or * to list all spells.
You conjure some foxfire!
The jackal barks!
The foxfire hits the jackal but does no damage.
Your foxfire dissipates!
The jackal bites you.
Casting: Foxfire (safe; 6% risk of failure)
Confirm with . or Enter, or press ? or * to list all spells.
You miscast Foxfire.
You are very lightly contaminated with residual magic.
Nothing appears to happen.
The jackal closely misses you. The jackal bites you. The jackal misses you.
Your magical contamination has completely faded away.
Casting: Foxfire (safe; 6% risk of failure)
Confirm with . or Enter, or press ? or * to list all spells.
You miscast Foxfire.
You are very lightly contaminated with residual magic.
Nothing appears to happen.
The jackal bites you. x2
Casting: Foxfire (safe; 6% risk of failure)
Confirm with . or Enter, or press ? or * to list all spells.
You conjure some foxfire!
The jackal bites you but does no damage.
The jackal bites you.
The foxfire hits the jackal but does no damage.
The jackal closely misses you. The jackal barely misses you. x2
Unknown command.
Your foxfire dissipates!
The jackal bites you.
* * * LOW HITPOINT WARNING * * *
Casting: Foxfire (safe; 6% risk of failure)
Confirm with . or Enter, or press ? or * to list all spells.
You conjure some foxfire!
The jackal bites you.
You die...

#. . #.#############
.........##...######## ##.#
##.#####.#.###........ #...
#.#####..## ##.###### #...#
#.##hh..## ##.# #...#
#.##@##.# #.# #...#
#..vv§..## #.# ###...#####
###......## .##
......#...#####.......# h
≈≈≈....###..##.......... ^.
...≈...# #..##.......... ..
.≈§....###....†............
≈.........####..#.......
..#....#### #..#.##..##


You could see 2 jackals.

Vanquished Creatures
  A ball python (D:1)
  A bat (D:1)
2 creatures vanquished.

Vanquished Creatures (others)
  7 foxfires (D:1)
7 creatures vanquished.

Grand Total: 9 creatures vanquished

Notes
Turn   | Place    | Note
-------+----------+-------------------------------------------
     0 | D:1      | rjrrt the Deep Elf Fire Elementalist began the quest for
                  | the Orb.
     0 | D:1      | Reached XP level 1. HP: 10/10 MP: 6/6
   109 | D:1      | Slain by a jackal

Illustrated notes

Levels and vault maps discovered:
D:1:      ebering_trefoil_3fold, layout_loops_cross,
          ebering_ecumenical_altar_rust, chequers_serial_rivers_small_3,
          st_stairs_12, dk_noncrumbling_3, minmay_surrounded

Action                   || total
-------------------------++-------
 Cast: Foxfire           ||     6
Armor: Robe              ||     1
Dodge: Dodged            ||     5
